TOP OF THE 1ST |
Creighton Blue Jays batting - Pitching for Minnesota Golden Gophers : RHP Ronald Jordan
|
Pitching: RHP Ronald Jordan
|
|
Batting: SHB Mario Trujillo
|
0-0: Swinging Strike 0-1: Ball 1-1: Ball 2-1: Called Strike 2-2: Foul Ball, location: 2F 2-2: Foul Ball, location: 2F 2-2: Fly out, F7 (Flyball, 7LM)
|
Batting: RHB Bernard Samuels
|
0-0: Ground out 6-3 (Groundball, 6)
|
Batting: LHB Michael Edwards
|
0-0: Ball 1-0: Fly out, F3 (Popup, 34)
|
Top of the 1st over - 0 run(s), 0 hit(s), 0 error(s), 0 left on base; Creighton 0 - Minnesota 0 |
BOTTOM OF THE 1ST |
Minnesota Golden Gophers batting - Pitching for Creighton Blue Jays : LHP Dan Green
|
Pitching: LHP Dan Green
|
|
Batting: LHB Ralph Cobb
|
0-0: Swinging Strike 0-1: Foul Ball, location: 2F 0-2: Ball 1-2: Hit by Pitch
|
Batting: SHB Sean Brown
|
0-0: Ball Wild Pitch! Ralph Cobb to second 1-0: Swinging Strike 1-1: Swinging Strike 1-2: Strikes out looking
|
Batting: RHB Tim Glendonwyn
|
0-0: Ball 1-0: Ball 2-0: Fly out, F6 (Line Drive, 6)
|
Batting: RHB Julián Ramírez
|
0-0: Swinging Strike 0-1: Reached on Error, E4 (Popup, 34D) Ralph Cobb to third
|
Batting: RHB Ronald Smith
|
0-0: Ball 1-0: Ball 2-0: Ball 3-0: Called Strike 3-1: Base on Balls Julián Ramírez to second
|
Batting: RHB Dale Jordan
|
0-0: Called Strike 0-1: Hit by Pitch Ralph Cobb scores Julián Ramírez to third Ronald Smith to second
|
Batting: RHB Christian Nash
|
0-0: GRAND SLAM HOME RUN (Line Drive, 7LD), Distance : 327 ft
|
Batting: RHB William Elliott
|
0-0: Called Strike 0-1: Ball 1-1: Ball 2-1: Ground out 6-3 (Groundball, 6)
|
Bottom of the 1st over - 5 run(s), 1 hit(s), 1 error(s), 0 left on base; Creighton 0 - Minnesota 5 |
TOP OF THE 2ND |
Creighton Blue Jays batting - Pitching for Minnesota Golden Gophers : RHP Ronald Jordan
|
Batting: LHB Jonathon Terry
|
0-0: Ball 1-0: Called Strike 1-1: Ball 2-1: Called Strike 2-2: Foul Ball, location: 2F 2-2: Foul Ball, location: 2F 2-2: Ball 3-2: Base on Balls
|
Batting: SHB Tom Johnson
|
0-0: Swinging Strike 0-1: Grounds into double play, 4-6-3 (Groundball, 4)
|
Batting: LHB Randy Ortíz
|
0-0: Ball 1-0: Foul Ball, location: 2F 1-1: SOLO HOME RUN (Flyball, 9LD), Distance : 312 ft
|
Batting: RHB Joe Brinkman
|
0-0: Called Strike 0-1: Ball 1-1: SINGLE (Line Drive, 78S)
|
Batting: SHB Jeffery Ivey
|
0-0: Ball 1-0: Ball 2-0: Ball 3-0: Called Strike 3-1: Base on Balls Joe Brinkman to second
|
Batting: RHB Jesús López
|
0-0: Ball 1-0: Foul Ball, location: 2F 1-1: Foul Ball, location: 2F 1-2: Fly out, F9 (Flyball, 9M)
|
Top of the 2nd over - 1 run(s), 2 hit(s), 0 error(s), 2 left on base; Creighton 1 - Minnesota 5 |
BOTTOM OF THE 2ND |
Minnesota Golden Gophers batting - Pitching for Creighton Blue Jays : LHP Dan Green
|
Batting: LHB Matt Pennington
|
0-0: Ball 1-0: Ball 2-0: Ground out 4-3 (Groundball, 4)
|
Batting: LHB Ralph Cobb
|
0-0: Ball 1-0: Called Strike 1-1: Ground out 4-3 (Groundball, 4)
|
Batting: SHB Sean Brown
|
0-0: Called Strike 0-1: Ball 1-1: Swinging Strike 1-2: Ball 2-2: Foul Ball, location: 2F 2-2: Ball 3-2: Foul Ball, location: 2F 3-2: Strikes out swinging
|
Bottom of the 2nd over - 0 run(s), 0 hit(s), 0 error(s), 0 left on base; Creighton 1 - Minnesota 5 |
TOP OF THE 3RD |
Creighton Blue Jays batting - Pitching for Minnesota Golden Gophers : RHP Ronald Jordan
|
Batting: SHB Mario Trujillo
|
0-0: Ball 1-0: Called Strike 1-1: Ground out 4-3 (Groundball, 4)
|
Batting: RHB Bernard Samuels
|
0-0: Ball 1-0: Ball 2-0: Called Strike 2-1: Foul Ball, location: 2F 2-2: Ball 3-2: Strikes out swinging
|
Batting: LHB Michael Edwards
|
0-0: Ground out 4-3 (Groundball, 34)
|
Top of the 3rd over - 0 run(s), 0 hit(s), 0 error(s), 0 left on base; Creighton 1 - Minnesota 5 |
BOTTOM OF THE 3RD |
Minnesota Golden Gophers batting - Pitching for Creighton Blue Jays : LHP Dan Green
|
Batting: RHB Tim Glendonwyn
|
0-0: Ball 1-0: Ball 2-0: Called Strike 2-1: SOLO HOME RUN (Flyball, 7D), Distance : 352 ft
|
Batting: RHB Julián Ramírez
|
0-0: Ball 1-0: Fly out, F7 (Flyball, 7M)
|
Batting: RHB Ronald Smith
|
0-0: SINGLE (Groundball, 56D)
|
Batting: RHB Dale Jordan
|
0-0: Ball 1-0: SINGLE (Groundball, 56D) Ronald Smith to second
|
Batting: RHB Christian Nash
|
0-0: Ball 1-0: Ball 2-0: Grounds into double play, 4-6-3 (Groundball, 34)
|
Bottom of the 3rd over - 1 run(s), 3 hit(s), 0 error(s), 1 left on base; Creighton 1 - Minnesota 6 |
TOP OF THE 4TH |
Creighton Blue Jays batting - Pitching for Minnesota Golden Gophers : RHP Ronald Jordan
|
Batting: LHB Jonathon Terry
|
0-0: Foul Ball, location: 2F 0-1: Ball 1-1: Ball 2-1: Swinging Strike 2-2: Fly out, F9 (Flyball, 89M)
|
Batting: SHB Tom Johnson
|
0-0: Called Strike 0-1: Swinging Strike 0-2: Strikes out looking
|
Batting: LHB Randy Ortíz
|
0-0: Ball 1-0: Called Strike 1-1: Foul Ball, location: 2F 1-2: Ball 2-2: Strikes out swinging
|
Top of the 4th over - 0 run(s), 0 hit(s), 0 error(s), 0 left on base; Creighton 1 - Minnesota 6 |
BOTTOM OF THE 4TH |
Minnesota Golden Gophers batting - Pitching for Creighton Blue Jays : LHP Dan Green
|
Batting: RHB William Elliott
|
0-0: Ball 1-0: Ball 2-0: Called Strike 2-1: Called Strike 2-2: Ball 3-2: SINGLE (Groundball, 5) (infield hit)
|
Batting: LHB Matt Pennington
|
0-0: Ball 1-0: SINGLE (Groundball, 6M) William Elliott to second Runner from 2nd tries for 3rd, SAFE, throw made to third
|
Batting: LHB Ralph Cobb
|
0-0: Ball 1-0: Foul Ball, location: 2F 1-1: Ball 2-1: SINGLE (Flyball, 7S) William Elliott scores Matt Pennington to second
|
Batting: SHB Sean Brown
|
Balk! Matt Pennington to third Ralph Cobb to second 0-0: Ball 1-0: Foul Ball, location: 2F 1-1: Ball 2-1: Ball 3-1: Fly out, F8 (Flyball, 8LM) Runner from 3rd tags up, SCORES, no throw
|
Batting: RHB Tim Glendonwyn
|
0-0: Foul Ball, location: 2F 0-1: Ball 1-1: Called Strike 1-2: SINGLE (Groundball, 5D) Ralph Cobb to third Runner from 3rd tries for Home, SAFE, no throw or cutoff
|
Pitching: RHP Jared Eaton
|
|
Batting: RHB Julián Ramírez
|
0-0: Ball 1-0: Ball 2-0: Ball 3-0: Called Strike 3-1: Base on Balls Tim Glendonwyn to second
|
Batting: RHB Ronald Smith
|
0-0: Ball 1-0: Called Strike 1-1: Fly out, F9 (Flyball, 9LS)
|
Batting: RHB Dale Jordan
|
0-0: Ball 1-0: Swinging Strike 1-1: Fly out, F7 (Flyball, 7M)
|
Bottom of the 4th over - 3 run(s), 4 hit(s), 0 error(s), 2 left on base; Creighton 1 - Minnesota 9 |
TOP OF THE 5TH |
Creighton Blue Jays batting - Pitching for Minnesota Golden Gophers : RHP Ronald Jordan
|
Batting: RHB Joe Brinkman
|
0-0: Ball 1-0: Ball 2-0: Swinging Strike 2-1: Ball 3-1: Reached on Error, E7 (Flyball, 7M)
|
Batting: SHB Jeffery Ivey
|
0-0: Fly out, F5 (Popup, 56S)
|
Batting: RHB Jesús López
|
0-0: Called Strike 0-1: Called Strike 0-2: Strikes out looking Joe Brinkman is caught stealing 2nd base Batter strikes out.
|
Top of the 5th over - 0 run(s), 0 hit(s), 1 error(s), 0 left on base; Creighton 1 - Minnesota 9 |
BOTTOM OF THE 5TH |
Minnesota Golden Gophers batting - Pitching for Creighton Blue Jays : RHP Jared Eaton
|
Batting: RHB Christian Nash
|
0-0: Called Strike 0-1: Ball 1-1: Ball 2-1: Foul Ball, location: 2F 2-2: Foul Ball, location: 2F 2-2: Foul Ball, location: 2F 2-2: Strikes out swinging
|
Batting: RHB William Elliott
|
0-0: Swinging Strike 0-1: SOLO HOME RUN (Flyball, 78XD), Distance : 382 ft
|
Batting: LHB Matt Pennington
|
0-0: Ball 1-0: Ball 2-0: Swinging Strike 2-1: Swinging Strike 2-2: Strikes out looking
|
Batting: LHB Ralph Cobb
|
0-0: Ball 1-0: Ball 2-0: Ball 3-0: Base on Balls
|
Batting: SHB Sean Brown
|
0-0: Ball 1-0: Ball Ralph Cobb is caught stealing 2nd base
|
Bottom of the 5th over - 1 run(s), 1 hit(s), 0 error(s), 0 left on base; Creighton 1 - Minnesota 10 |
TOP OF THE 6TH |
Creighton Blue Jays batting - Pitching for Minnesota Golden Gophers : RHP Ronald Jordan
|
Batting: SHB Mario Trujillo
|
0-0: Ball 1-0: SINGLE (Line Drive, 6D)
|
Batting: RHB Bernard Samuels
|
0-0: Ball Mario Trujillo steals 2nd base 1-0: Ball 2-0: Foul Ball, location: 2F 2-1: SINGLE (Groundball, 34D) Mario Trujillo to third
|
Batting: LHB Michael Edwards
|
0-0: Fly out, F8 (Line Drive, 8LM) Runner from 3rd tags up, SCORES, no throw
|
Batting: LHB Jonathon Terry
|
0-0: Ball Bernard Samuels steals 2nd base 1-0: Ground out 3-6 (Groundball, 3) Bernard Samuels to third
|
Batting: SHB Tom Johnson
|
0-0: Foul Ball, location: 2F 0-1: Ball 1-1: Foul Ball, location: 2F 1-2: Ball 2-2: Foul Ball, location: 2F 2-2: Ball 3-2: Base on Balls
|
Pitching: RHP Justin Anderson
|
|
Batting: LHB Randy Ortíz
|
0-0: Ball 1-0: Called Strike 1-1: Called Strike 1-2: Strikes out swinging
|
Top of the 6th over - 1 run(s), 2 hit(s), 0 error(s), 2 left on base; Creighton 2 - Minnesota 10 |
BOTTOM OF THE 6TH |
Minnesota Golden Gophers batting - Pitching for Creighton Blue Jays : RHP Jared Eaton
|
Batting: SHB Sean Brown
|
0-0: Foul Ball, location: 2F 0-1: Called Strike 0-2: Strikes out swinging
|
Batting: RHB Tim Glendonwyn
|
0-0: Foul Ball, location: 2F 0-1: Ball 1-1: Ball 2-1: DOUBLE (Line Drive, 78D) - OUT at third base trying to stretch hit.
|
Batting: RHB Julián Ramírez
|
0-0: Called Strike 0-1: SOLO HOME RUN (Flyball, 78XD), Distance : 371 ft
|
Batting: RHB Ronald Smith
|
0-0: Ball 1-0: Ball 2-0: Ball 3-0: Base on Balls
|
Batting: RHB Dale Jordan
|
0-0: Ball 1-0: Ball 2-0: Ball 3-0: Called Strike 3-1: SINGLE (Line Drive, 34D) Ronald Smith to second
|
Batting: RHB Christian Nash
|
Single, Error in OF, E9, batter to second base Ronald Smith scores Dale Jordan to third
|
Batting: RHB William Elliott
|
0-0: Called Strike 0-1: Ball 1-1: Ground out 4-3 (Groundball, 4)
|
Bottom of the 6th over - 2 run(s), 4 hit(s), 1 error(s), 2 left on base; Creighton 2 - Minnesota 12 |
TOP OF THE 7TH |
Creighton Blue Jays batting - Pitching for Minnesota Golden Gophers : RHP Justin Anderson
|
Now at C: Eric Hudson
|
|
Batting: RHB Joe Brinkman
|
0-0: Ball 1-0: Ball 2-0: Called Strike 2-1: Ball 3-1: Called Strike 3-2: Foul Ball, location: 2F 3-2: Fly out, F7 (Flyball, 78M)
|
Batting: SHB Jeffery Ivey
|
0-0: SINGLE (Line Drive, 5L)
|
Batting: RHB Jesús López
|
0-0: Called Strike Jeffery Ivey steals 2nd base 0-1: Foul Ball, location: 2F 0-2: Foul Ball, location: 2F 0-2: Fly out, F9 (Flyball, 9S)
|
Batting: SHB Mario Trujillo
|
0-0: Ball 1-0: Ball 2-0: Foul Ball, location: 2F 2-1: TRIPLE (Flyball, 8LXD) Jeffery Ivey scores
|
Batting: RHB Bernard Samuels
|
0-0: Called Strike 0-1: Foul Ball, location: 2F 0-2: Ball 1-2: SINGLE (Line Drive, 7S) Mario Trujillo scores
|
Batting: LHB Michael Edwards
|
0-0: Called Strike 0-1: Foul Ball, location: 2F 0-2: Ball 1-2: Ball Bernard Samuels is caught stealing 2nd base
|
Top of the 7th over - 2 run(s), 3 hit(s), 0 error(s), 0 left on base; Creighton 4 - Minnesota 12 |
BOTTOM OF THE 7TH |
Minnesota Golden Gophers batting - Pitching for Creighton Blue Jays : RHP Jared Eaton
|
Pitching: LHP Ricardo García
|
|
Batting: LHB Matt Pennington
|
0-0: Called Strike 0-1: Ball 1-1: Swinging Strike 1-2: Ball 2-2: Ground out 3-1 (Groundball, 34)
|
Batting: LHB Ralph Cobb
|
0-0: Ball 1-0: Fly out, F8 (Flyball, 89M)
|
Batting: SHB Sean Brown
|
0-0: Called Strike 0-1: Ball 1-1: Ball 2-1: Fly out, F9 (Flyball, 89S)
|
Bottom of the 7th over - 0 run(s), 0 hit(s), 0 error(s), 0 left on base; Creighton 4 - Minnesota 12 |
TOP OF THE 8TH |
Creighton Blue Jays batting - Pitching for Minnesota Golden Gophers : RHP Justin Anderson
|
Batting: LHB Michael Edwards
|
0-0: Foul Ball, location: 2F 0-1: Ground out U3 (Groundball, 3)
|
Batting: LHB Jonathon Terry
|
0-0: Fly out, F8 (Flyball, 8RM)
|
Batting: SHB Tom Johnson
|
0-0: Called Strike 0-1: Ball 1-1: Ball 2-1: Ball 3-1: Foul Ball, location: 2F 3-2: Foul Ball, location: 2F 3-2: Ground out 5-3 (Groundball, 15S)
|
Top of the 8th over - 0 run(s), 0 hit(s), 0 error(s), 0 left on base; Creighton 4 - Minnesota 12 |
BOTTOM OF THE 8TH |
Minnesota Golden Gophers batting - Pitching for Creighton Blue Jays : LHP Ricardo García
|
Batting: RHB Tim Glendonwyn
|
0-0: SOLO HOME RUN (Flyball, 7D), Distance : 366 ft
|
Batting: RHB Julián Ramírez
|
0-0: Called Strike 0-1: Reached on error, E1 (Groundball, 15)
|
Batting: RHB Ronald Smith
|
0-0: Called Strike 0-1: Ball 1-1: Foul Ball, location: 2F 1-2: Foul Ball, location: 2F 1-2: 2-RUN HOME RUN (Flyball, 9LD), Distance : 338 ft
|
Batting: RHB Dale Jordan
|
0-0: Ball 1-0: Ball 2-0: Hit by Pitch
|
Batting: RHB Eric Hudson
|
0-0: Ball 1-0: Foul Ball, location: 2F 1-1: Swinging Strike 1-2: Foul Ball, location: 2F 1-2: Strikes out swinging
|
Batting: RHB William Elliott
|
0-0: Ball 1-0: Reached on error, E5 (Groundball, 5L) Dale Jordan to second
|
Batting: LHB Matt Pennington
|
0-0: Ball 1-0: Ball 2-0: Ball 3-0: Called Strike 3-1: Base on Balls Dale Jordan to third William Elliott to second
|
Batting: LHB Ralph Cobb
|
0-0: Called Strike 0-1: Called Strike 0-2: SINGLE (Line Drive, 6D) Dale Jordan scores William Elliott to third Matt Pennington to second Runner from 3rd tries for Home, SAFE, no throw or cutoff
|
Pitching: RHP Mike Allen
|
|
Batting: SHB Sean Brown
|
0-0: Called Strike 0-1: Ball 1-1: Ball Matt Pennington steals 3rd base Ralph Cobb to second 2-1: Swinging Strike 2-2: Strikes out swinging
|
Batting: RHB Tim Glendonwyn
|
0-0: Ball 1-0: Ball 2-0: Ball 3-0: Called Strike 3-1: Called Strike 3-2: Base on Balls
|
Batting: RHB Julián Ramírez
|
0-0: Foul Ball, location: 2F 0-1: Ball 1-1: Ball 2-1: Ball 3-1: Base on Balls Matt Pennington scores Ralph Cobb to third Tim Glendonwyn to second
|
Batting: RHB Ronald Smith
|
0-0: SINGLE (Line Drive, 34D) Ralph Cobb scores Tim Glendonwyn to third Julián Ramírez to second
|
Batting: RHB Dale Jordan
|
0-0: Ball 1-0: Fly out, F8 (Flyball, 8RXD)
|
Bottom of the 8th over - 7 run(s), 4 hit(s), 2 error(s), 3 left on base; Creighton 4 - Minnesota 19 |
TOP OF THE 9TH |
Creighton Blue Jays batting - Pitching for Minnesota Golden Gophers : RHP Justin Anderson
|
Batting: LHB Randy Ortíz
|
0-0: Ball 1-0: Swinging Strike 1-1: Ball 2-1: Fly out, F5 (Popup, 5SF)
|
Batting: RHB Joe Brinkman
|
0-0: Foul Ball, location: 2F 0-1: Reached on error, E6 (Groundball, 56)
|
Batting: SHB Jeffery Ivey
|
0-0: Fly out, F7 (Flyball, 78M)
|
Batting: RHB Jesús López
|
0-0: Called Strike 0-1: Ball 1-1: Foul Ball, location: 2F 1-2: Strikes out swinging
|
Top of the 9th over - 0 run(s), 0 hit(s), 1 error(s), 1 left on base; Creighton 4 - Minnesota 19 |
|